 Dungeon Crawl Stone Soup version 0.31.0-11-ge490571c62 (webtiles) character file.

Game seed: 7965469300097238323

5604 qw the Markself (level 10, -1/56 HPs)
             Began as a Deep Elf Hunter on Feb 5, 2024.
             Was an Elder of Okawaru.
             Slain by a vampire (2 damage)
             ... on level 10 of the Dungeon.
             The game lasted 00:03:28 (9059 turns).

qw the Markself (Deep Elf Hunter)                   Turns: 9059, Time: 00:03:28

Health: -1/56      AC:  8    Str: 12    XL:     10   Next: 45%
Magic:  27/27      EV: 18    Int: 15    God:    Okawaru [****..]
Gold:   572        SH:  0    Dex: 18    Spells: 9/9 levels left

rFire   . . .        o - +0 arbalest
rCold   . . .        (shield currently unavailable)
rNeg    . . .        d - +0 ring mail
rPois   +            (no helmet)
rElec   .            j - +2 cloak
rCorr   .            (no gloves)
SInv    .            (no boots)
Will    +....        l
                       - Hermit's Pendant {Faith Invo=14 Evo=0 MP+5} Stlth
                     g - +5 ring of evasion
HPRegen 0.29/turn    k - ring of poison resistance
MPRegen 0.20/turn

%: faith
@: confused
A: no striking features
a: Renounce Religion, Heroism, Finesse


You were on level 10 of the Dungeon.
You worshipped Okawaru.
Okawaru was greatly pleased with you.
You visited 2 branches of the dungeon, and saw 11 of its levels.
You also visited: Sewer.

You collected 644 gold pieces.
You spent 72 gold pieces at shops.


   Skills:
 - Level 4.0 Fighting
 + Level 17.6 Ranged Weapons
 - Level 2.2 Armour
 - Level 6.0 Dodging
 - Level 1.2 Stealth
 + Level 4.0(14.0) Invocations


You had 9 spell levels left.
You didn't know any spells.
Your spell library was empty.

Inventory:

Hand Weapons
 o - a +0 arbalest (weapon)
Armour
 d - a +0 ring mail (worn)
 j - a +2 cloak (worn)
Jewellery
 a - a ring of resist corrosion
 g - a +5 ring of evasion (left hand)
 k - a ring of poison resistance (right hand)
 l - the Hermit's Pendant (around neck) {Faith Invo=14 Evo=0 MP+5}
   (You found it on level 6 of the Dungeon)

   [amulet of faith]

   Invo=14: It sets your Invocations skill to 14.
   Evo=0: It sets your Evocations skill to 0.
   Faith:     It allows you to gain divine favour quickly.
   MP+5:      It affects your magic capacity (+5).
 Y - a ring of willpower
Wands
 p - a wand of mindburst (23)
 q - a wand of iceblast (7)
Scrolls
 f - a scroll of enchant weapon {unknown}
 m - 2 scrolls of teleportation
Potions
 b - a potion of heal wounds
 c - a potion of mutation
 e - a potion of haste
 h - 2 potions of curing
 i - 3 potions of cancellation
 n - 2 potions of enlightenment

Dungeon Overview and Level Annotations

Branches:
Dungeon (10/15)            Temple (1/1) D:7           Sewer (visited)
   Lair: D:8-11         Orc: D:9-12

Altars:
Ashenzari
Cheibriados
Dithmenos
Elyvilon
Fedhas
Gozag
Hepliaklqana
Kikubaaqudgha
Makhleb
Nemelex Xobeh
Okawaru
Qazlal
Ru
Sif Muna
Trog
Uskayaw
Vehumet
Wu Jian
Yredelemnul
Zin
The Shining One

Shops:
D:7 (

Annotations:
D:4 3 runed translucent doors, qw's ghost, amateur DEHu


Message History

You hear some strange, mumbled words.
You are confused.
You shoot a bolt. Something hits you but does no damage. Something bites you.
Something draws strength from your injuries!
You shoot a bolt. Something draws life force from you!
You shoot a bolt.
You hear some strange, mumbled words.
Something tries to affect you, but you resist.
You shoot a bolt. Something hits you. Something barely misses you.
You shoot a bolt. Something draws life force from you!
You shoot a bolt.
You feel less confused. Something hits you. Something closely misses you.
You shoot a bolt. Something hits you. Something closely misses you.
You hear some strange, mumbled words.
Something tries to affect you, but you resist.
You shoot a bolt. Something hits you! Something bites you.
Something draws strength from your injuries!
You shoot a bolt. Something completely misses you. Something bites you.
Something draws strength from your injuries!
You shoot a bolt. Something barely misses you.
Something bites you but does no damage.
You shoot a bolt. Something hits you! Something barely misses you.
You shoot a bolt.
You hear some strange, mumbled words.
You are confused.
You shoot a bolt. Something hits you but does no damage.
Something bites you but does no damage. Something hits you but does no damage.
Something bites you but does no damage.
You shoot a bolt. Something hits you. Something bites you.
You die...

........<###..# ###
........## #..# #..
.....#### ##.# #...
....# #.# ..... ..##
#.# ..... ## ##.#
...... #..###...... .
####..........$ .
.........@{...... .
.....####..##.... .
...#. #.... ## . .. .
##....# # # ## ..###
### .# #### ...#######
#######>.#
#.........####.........


There were no monsters in sight!

Vanquished Creatures
  2 two-headed ogres (D:10)
  Maurice (D:9)
  2 kobold demonologists (D:10)
  Grinder (D:3)
  A hornet (D:8)
  A vampire (D:8)
  A wraith (D:5)
  Eustachio (D:4)
  2 steam dragons
  Grum (D:9)
  An orc warrior (D:9)
  A black bear (D:6)
  2 sky beasts
  An ogre (D:6)
  4 wolves (D:9)
  3 centaurs
  A phantom (D:7)
  3 kobold brigands
  4 bullfrogs
  A scorpion (D:6)
  4 wights (D:9)
  A howler monkey (D:8)
  A hound (D:6)
  3 jellies
  A sleepcap (D:6)
  3 orc wizards
  4 gnolls (D:4)
  A river rat (Sewer)
  5 adders
  A shadow imp (D:6)
  A white imp (D:7)
  3 dart slugs
  4 ribbon worms
  17 orcs
  6 bats
  14 endoplasms
  9 giant cockroaches
  3 goblins
  4 hobgoblins
  7 jackals
  16 kobolds
  5 quokkas
  11 ball pythons
  4 frilled lizards
  9 rats
171 creatures vanquished.

Notes
Turn   | Place    | Note
-------+----------+-------------------------------------------
     0 | D:1      | qw the Deep Elf Hunter began the quest for the Orb.
     0 | D:1      | Reached XP level 1. HP: 12/12 MP: 3/3
     0 | D:1      | 0 ||| qw: Version: 0.3-a-160-g6735b56
     0 | D:1      | 0 ||| qw: Game counter: 6483
     0 | D:1      | 0 ||| qw: Melee chars always use a shield: true
     0 | D:1      | 0 ||| qw: God list: Okawaru
     0 | D:1      | 0 ||| qw: Allow faded altars: false
     0 | D:1      | 0 ||| qw: Do Orc after clearing Dungeon:15 true
     0 | D:1      | 0 ||| qw: Do second Lair branch before Depths: true
     0 | D:1      | 0 ||| qw: Lair rune preference: random
     0 | D:1      | 0 ||| qw: Goals: Normal
     0 | D:1      | 0 ||| PLANNING D:1-11
   122 | D:1      | Reached XP level 2. HP: 16/16 MP: 4/4
   126 | D:1      | Reached skill level 6 in Ranged Weapons
   446 | D:1      | Reached XP level 3. HP: 20/20 MP: 5/5
   503 | D:1      | 503 ||| UPGRADING to +0 ring mail.
   513 | D:1      | 513 ||| DROPPING +0 leather armour.
   514 | D:1      | 514 ||| UPGRADING to +5 ring of evasion.
   515 | D:1      | 515 ||| READING scroll labelled LIOQIN SAPIKO.
   516 | D:1      | 516 ||| READING scroll labelled QIMMIW SUQA.
   520 | D:1      | 520 ||| DROPPING scroll of butterflies.
   732 | D:2      | Found a faded altar of an unknown god.
  1285 | D:2      | 1285 ||| UPGRADING to ring of willpower.
  1286 | D:2      | 1286 ||| READING 2 scrolls labelled WAB TECAEZAOBI.
  1387 | D:2      | 1387 ||| READING 2 scrolls labelled WAEPLIRUZI.
  1387 | D:2      | 1387 ||| IDENTIFYING fuming silvery potion
  1388 | D:2      | 1388 ||| READING scroll of identify.
  1388 | D:2      | 1388 ||| IDENTIFYING fuming grey potion
  1389 | D:2      | 1389 ||| READING 2 scrolls labelled GAOPPURUSE.
  1390 | D:2      | 1390 ||| DRINKING 2 gluggy blue potions.
  1391 | D:2      | 1391 ||| DRINKING 2 fuming emerald potions.
  1392 | D:2      | 1392 ||| DROPPING scroll of vulnerability.
  1393 | D:2      | 1393 ||| DROPPING potion of ambrosia.
  1394 | D:2      | 1394 ||| DROPPING scroll of fear.
  1444 | D:3      | 1444 ||| PLANNING SEWER
  1448 | D:3      | 1448 ||| STAIRDANCE
  1452 | D:2      | Reached skill level 7 in Ranged Weapons
  1484 | D:3      | Found a glowing drain.
  1495 | Sewer    | Entered a sewer
  1519 | Sewer    | HP: 5/20 [frozen (3)]
  1520 | Sewer    | 1520 ||| DRINKING potion of heal wounds.
  1554 | Sewer    | Reached XP level 4. HP: 14/25 MP: 6/6
  1778 | Sewer    | Reached skill level 8 in Ranged Weapons
  1787 | Sewer    | Found a viscous altar of Jiyva.
  1822 | Sewer    | Reached XP level 5. HP: 29/29 MP: 7/7
  1848 | Sewer    | 1848 ||| READING scroll of identify.
  1848 | Sewer    | 1848 ||| IDENTIFYING lumpy dark potion
  1849 | Sewer    | 1849 ||| DRINKING 3 lumpy green potions.
  1850 | Sewer    | 1850 ||| DROPPING 2 potions of magic.
  1870 | D:3      | 1870 ||| PLANNING D:1-11
  2442 | D:3      | Noticed Grinder
  2452 | D:3      | Killed Grinder
  2453 | D:3      | Reached skill level 10 in Ranged Weapons
  2453 | D:3      | Reached XP level 6. HP: 16/34 MP: 8/8
  2780 | D:3      | 2780 ||| READING 2 scrolls of identify.
  2780 | D:3      | 2780 ||| IDENTIFYING murky silvery potion
  2781 | D:3      | 2781 ||| READING scroll of identify.
  2781 | D:3      | 2781 ||| IDENTIFYING grey potion
  2782 | D:3      | 2782 ||| READING scroll labelled GETIXTISCHU.
  2783 | D:3      | 2783 ||| READING scroll labelled DIOJAO BEOMM.
  2784 | D:3      | 2784 ||| READING scroll labelled FAEVVU DYLIKA.
  2785 | D:3      | 2785 ||| DROPPING potion of brilliance.
  2786 | D:3      | 2786 ||| DROPPING potion of degeneration.
  2962 | D:4      | Reached skill level 3 in Dodging
  3074 | D:4      | Found a broken altar of Ashenzari.
  3191 | D:4      | Noticed Eustachio
  3207 | D:4      | 3207 ||| RETREEEEATING.
  3208 | D:4      | 3208 ||| RETREEEEATING.
  3209 | D:4      | 3209 ||| RETREEEEATING.
  3210 | D:4      | 3210 ||| RETREEEEATING.
  3211 | D:4      | 3211 ||| RETREEEEATING.
  3212 | D:4      | 3212 ||| RETREEEEATING.
  3213 | D:4      | 3213 ||| RETREEEEATING.
  3214 | D:4      | 3214 ||| RETREEEEATING.
  3215 | D:4      | 3215 ||| RETREEEEATING.
  3216 | D:4      | 3216 ||| RETREEEEATING.
  3217 | D:4      | 3217 ||| RETREEEEATING.
  3218 | D:4      | 3218 ||| RETREEEEATING.
  3219 | D:4      | 3219 ||| RETREEEEATING.
  3225 | D:4      | 3225 ||| RETREEEEATING.
  3226 | D:4      | 3226 ||| RETREEEEATING.
  3227 | D:4      | 3227 ||| RETREEEEATING.
  3228 | D:4      | 3228 ||| RETREEEEATING.
  3229 | D:4      | 3229 ||| RETREEEEATING.
  3230 | D:4      | 3230 ||| RETREEEEATING.
  3231 | D:4      | 3231 ||| RETREEEEATING.
  3232 | D:4      | 3232 ||| RETREEEEATING.
  3233 | D:4      | 3233 ||| RETREEEEATING.
  3234 | D:4      | 3234 ||| RETREEEEATING.
  3235 | D:4      | 3235 ||| RETREEEEATING.
  3273 | D:4      | Killed Eustachio
  3274 | D:4      | Reached skill level 11 in Ranged Weapons
  3274 | D:4      | Reached XP level 7. HP: 13/40 MP: 9/9
  3402 | D:4      | Found a runed translucent gate.
  3402 | D:4      | Found a runed translucent gate.
  3402 | D:4      | Found a runed translucent gate.
  3403 | D:4      | Found an opulent altar of Gozag.
  3500 | D:4      | Noticed qw's ghost (amateur DEHu)
  3505 | D:4      | 3505 ||| UPGRADING to +0 cloak.
  3510 | D:4      | 3510 ||| UPGRADING to ring of poison resistance.
  3512 | D:4      | 3512 ||| READING scroll labelled AFRASSENTO.
  3513 | D:4      | 3513 ||| READING scroll labelled KISTAA GODE.
  3614 | D:4      | 3614 ||| READING scroll labelled LYRCHA HOEM.
  3614 | D:4      | 3614 ||| ENCHANTING +0 cloak.
  3634 | D:5      | Entered Level 5 of the Dungeon
  3714 | D:5      | Noticed a wraith
  3715 | D:5      | 3715 ||| ZAPPING wand of iceblast (9) at -4,-2 (wraith;
                  | floor).
  3727 | D:5      | HP: 7/40 [wraith (5)]
  3728 | D:5      | 3728 ||| READING scroll of teleportation.
  3729 | D:5      | 3729 ||| DRINKING 2 potions of heal wounds.
  4167 | D:5      | 4167 ||| ZAPPING wand of iceblast (8) at 0,4 (floor).
  4168 | D:5      | 4168 ||| ZAPPING wand of iceblast (7) at 0,3 (floor).
  4169 | D:5      | 4169 ||| ZAPPING wand of iceblast (6) at 0,2 (floor).
  4170 | D:5      | 4170 ||| ZAPPING wand of iceblast (5) at 0,2 (wraith;
                  | floor).
  4196 | D:5      | Killed a wraith
  4403 | D:5      | Found a glowing silver altar of Zin.
  4467 | D:5      | 4467 ||| READING 2 scrolls of identify.
  4467 | D:5      | 4467 ||| IDENTIFYING fuming black potion
  4539 | D:6      | Found the Hermit's Pendant {Faith Invo=14 Evo=0 MP+5}
  4696 | D:6      | Reached skill level 12 in Ranged Weapons
  4696 | D:6      | Reached XP level 8. HP: 19/44 MP: 10/10
  4941 | D:6      | Reached skill level 3 in Fighting
  5499 | D:6      | 5499 ||| UPGRADING to Hermit's Pendant {Faith Invo=14 Evo=0
                  | MP+5}.
  5583 | D:6      | 5583 ||| READING scroll of identify.
  5583 | D:6      | 5583 ||| IDENTIFYING scroll labelled MILOOH ZECAGE
  5584 | D:6      | 5584 ||| DROPPING scroll of torment.
  5617 | D:7      | 5617 ||| STAIRDANCE
  5671 | D:7      | 5671 ||| STAIRDANCE
  5705 | D:7      | 5705 ||| STAIRDANCE
  5746 | D:7      | 5746 ||| SWAPPING to +0 orcbow.
  5747 | D:7      | 5747 ||| DROPPING +0 shortbow.
  5792 | D:7      | Reached skill level 13 in Ranged Weapons
  5864 | D:7      | Found Nuest's Weapon Shoppe.
  5873 | D:7      | 5873 ||| BUYING +0 arbalest (72 gold).
  5873 | D:7      | Bought a +0 arbalest for 72 gold pieces
  5873 | D:7      | 5873 ||| SWAPPING to +0 arbalest.
  5874 | D:7      | 5874 ||| DROPPING +0 orcbow.
  6053 | D:7      | Found a staircase to the Ecumenical Temple.
  6054 | D:7      | 6054 ||| PLANNING TEMPLE
  6054 | D:7      | 6054 ||| READING scroll of identify.
  6054 | D:7      | 6054 ||| IDENTIFYING emerald potion
  6055 | D:7      | 6055 ||| DROPPING potion of attraction.
  6061 | Temple   | Entered the Ecumenical Temple
  6062 | Temple   | 6062 ||| PLANNING OKAWARU WORSHIP
  6077 | Temple   | Became a worshipper of Warmaster Okawaru
  6078 | Temple   | 6078 ||| PLANNING D:1-11
  6269 | D:7      | 6269 ||| READING scroll of enchant armour.
  6269 | D:7      | 6269 ||| ENCHANTING +1 cloak.
  6343 | D:7      | Found a stormy altar of Qazlal.
  6343 | D:7      | Found a radiant altar of Vehumet.
  6343 | D:7      | Found a hide-covered altar of Uskayaw.
  6442 | D:7      | Found an opulent altar of Gozag.
  6575 | D:8      | 6575 ||| Stepping ~*~*~tactically~*~*~ (cloud).
  6580 | D:8      | Reached skill level 14 in Ranged Weapons
  6684 | D:8      | Reached XP level 9. HP: 50/50 MP: 21/21
  6728 | D:8      | 6728 ||| DRINKING 3 potions of curing.
  6728 | D:8      | 6728 ||| (to cure confusion)
  6729 | D:8      | 6729 ||| DRINKING 2 potions of curing.
  6729 | D:8      | 6729 ||| (to cure confusion)
  6730 | D:8      | Reached * piety under Okawaru
  6923 | D:8      | Reached skill level 1 in Invocations
  7370 | D:8      | 7370 ||| READING scroll labelled WEORUO UN OKIENKA.
  7371 | D:8      | 7371 ||| DRINKING 3 fuming purple potions.
  7372 | D:8      | 7372 ||| DROPPING wand of flame (12).
  7479 | D:9      | Reached skill level 3 in Invocations
  7699 | D:9      | Reached ** piety under Okawaru
  7922 | D:9      | Noticed Grum
  7925 | D:9      | Killed Grum
  7927 | D:9      | Reached skill level 15 in Ranged Weapons
  8051 | D:9      | Identified the +0 leather armour "Werea" {rC+ rN+}
  8097 | D:9      | HP: 9/52 [orc warrior/+0 trident (9)]
  8098 | D:9      | 8098 ||| READING 2 scrolls of teleportation.
  8099 | D:9      | 8099 ||| DRINKING potion of heal wounds.
  8241 | D:9      | Noticed Maurice
  8242 | D:9      | 8242 ||| INVOKING Heroism.
  8250 | D:9      | Killed Maurice
  8296 | D:9      | Reached *** piety under Okawaru
  8417 | D:9      | 8417 ||| DROPPING +2 cloak.
  8418 | D:9      | 8418 ||| DROPPING +0 leather armour "Werea" {rC+ rN+}.
  8447 | D:10     | Entered Level 10 of the Dungeon
  8476 | D:10     | Noticed a kobold demonologist
  8477 | D:10     | 8477 ||| RETREEEEATING.
  8480 | D:10     | Noticed a kobold demonologist
  8481 | D:10     | 8481 ||| RETREEEEATING.
  8483 | D:10     | 8483 ||| RETREEEEATING.
  8484 | D:10     | 8484 ||| RETREEEEATING.
  8490 | D:10     | 8490 ||| RETREEEEATING.
  8494 | D:10     | 8494 ||| RETREEEEATING.
  8495 | D:10     | 8495 ||| INVOKING Heroism.
  8497 | D:10     | Noticed a red devil
  8497 | D:10     | Noticed an orange demon
  8497 | D:10     | 8497 ||| DRINKING 2 potions of haste.
  8498 | D:10     | Killed a kobold demonologist
  8499 | D:10     | Reached skill level 16 in Ranged Weapons
  8499 | D:10     | Reached XP level 10. HP: 56/56 MP: 22/22
  8503 | D:10     | Reached skill level 6 in Dodging
  8635 | D:10     | Noticed a two-headed ogre
  8636 | D:10     | 8636 ||| INVOKING Heroism.
  8637 | D:10     | Noticed a two-headed ogre
  8638 | D:10     | 8638 ||| RETREEEEATING.
  8647 | D:10     | Killed a two-headed ogre
  8648 | D:10     | Reached skill level 17 in Ranged Weapons
  8653 | D:10     | Killed a two-headed ogre
  8653 | D:10     | Reached **** piety under Okawaru
  9054 | D:10     | HP: 12/56 [something (5)]
  9056 | D:10     | HP: 4/56 [something (9)]
  9059 | D:10     | HP: 1/56 [something (4)]
  9059 | D:10     | Slain by a vampire

Levels and vault maps discovered:
D:1:      orjb1_lava_funnel, layout_loops_ring
D:2:      layout_basic, shapermc_ecumenical_altar_pompeii
D:3:      layout_loops_corners, cheibrodos_sewer_entry_drain, minmay_pentangle,
          uniq_grinder
D:4:      layout_cave_pools, mainiacjoe_overflow_alcove_4, ebering_ghost_gozag,
          chequers_avenue, uniq_eustachio
D:5:      layout_loops_ring, zin_statuary, corexii_hall_statues_x,
          skrybe_limestone_x
D:6:      layout_basic
D:7:      layout_cave_pools, grunt_gozag_statues,
          gammafunk_temple_overflow_claw, minmay_temple_entry_enclosed_plants,
          serial_shops, shop_fountains
D:8:      layout_basic
D:9:      layout_irregular_city, uniq_grum, uniq_maurice
D:10:     layout_layer_cave, nicolae_xom_altar_mimics, orc_0_dummy,
          grunt_ministairs_2, minmay_quadrilaterals, uniq_urug
Temple:   nicolae_temple_superstar

Skill      XL: |  1  2  3  4  5  6  7  8  9 10 |
---------------+-------------------------------+-----
Ranged Weapons | 6 7 8 10 11 12 14 16 17 | 17.6
Fighting       | 2 3 4 |  4.0
Dodging        | 3 4 5 6 |  6.0
Armour         | 2 |  2.2
Invocations    | 4 |  4.0
Stealth        | |  1.2

Action                     |  1- 3 |  4- 6 |  7- 9 | 10-12 || total
---------------------------+-------+-------+-------+-------++-------
   Fire: Shortbow          |   125 |   228 |   134 |       ||   487
         Orcbow            |       |       |    20 |       ||    20
         Arbalest          |       |       |   174 |    48 ||   222
 Invoke: Heroism           |       |       |     2 |     1 ||     3
  Evoke: Wand              |       |       |     5 |       ||     5
    Use: Scroll            |     6 |     6 |    10 |       ||    22
         Potion            |     3 |     1 |     6 |       ||    10
 Armour: Leather armour    |    17 |       |       |       ||    17
         Ring mail         |    12 |    69 |   128 |    24 ||   233
  Dodge: Dodged            |    47 |   135 |   197 |    23 ||   402

Table legend:
 A = Non-vault XP
 B = Vault XP
 C = Vault XP percentage of total XP
 D = Non-vault monster count
 E = Vault monster count
 F = Vault count percentage of total count
                 A         B        C        D         E       F
            +---------+---------+-------+---------+---------+-------
      Total |    4535 |    3472 |  43.4 |     129 |      42 |  24.6
            +---------+---------+-------+---------+---------+-------
        D:1 |      43 |       0 |   0.0 |      25 |       0 |   0.0
        D:2 |      16 |       0 |   0.0 |       8 |       0 |   0.0
        D:3 |      35 |     303 |  89.6 |      16 |       6 |  27.3
        D:4 |     122 |     197 |  61.8 |      23 |       1 |   4.2
        D:5 |     218 |       0 |   0.0 |       3 |       0 |   0.0
        D:6 |     787 |       0 |   0.0 |      10 |       0 |   0.0
        D:7 |     634 |       0 |   0.0 |       6 |       0 |   0.0
        D:8 |     923 |       0 |   0.0 |       8 |       0 |   0.0
        D:9 |     829 |    1156 |  58.2 |      24 |       6 |  20.0
       D:10 |     928 |    1651 |  64.0 |       6 |       2 |  25.0
      Sewer |       0 |     165 | 100.0 |       0 |      27 | 100.0
            +---------+---------+-------+---------+---------+-------
